 Dungeon Crawl Stone Soup version 0.30-a0-802-gb92711bcdf (webtiles) character file.

Game seed: 7966248735147309254

30 Twinkles the Sneak (level 3, -4/19 HPs)
             Began as a Spriggan Delver on Feb 25, 2023.
             Splashed by a jelly's acid (10 damage)
             ... on level 5 of the Dungeon.
             The game lasted 00:01:46 (158 turns).

Twinkles the Sneak (Spriggan Delver)                 Turns: 158, Time: 00:01:46

Health: -4/19      AC: -6    Str:  8    XL:     3   Next: 3%
Magic:  4/4        EV: 18    Int: 11    God:
Gold:   9          SH:  0    Dex: 18    Spells: 2/2 levels left

rFire   . . .      SeeInvis +    a - +0 short sword
rCold   . . .      Faith    .    (no shield)
rNeg    . . .      Spirit   .    b - +0 robe
rPois   .          Reflect  .    (helmet restricted)
rElec   .          Harm     .    (no cloak)
rCorr   .          Rampage  .    (gloves unavailable)
Will    .....                    (boots unavailable)
Stlth   ++++                     (no amulet)
HPRegen 0.23/turn                (no ring)
MPRegen 0.09/turn                (no ring)

@: corroded, very quick
A: very small, no large weapons, unfitting armour, see invisible, speed 3
a: no special abilities


You were on level 5 of the Dungeon.
You visited 1 branch of the dungeon, and saw 1 of its levels.

You collected 9 gold pieces.

Inventory:

Hand Weapons
 a - a +0 short sword (weapon)
Armour
 b - a +0 robe (worn)
Wands
 d - a wand of digging (3)
 p - a wand of paralysis (3)
Scrolls
 E - a scroll of fear
 F - a scroll of fog
 X - a scroll of magic mapping
Potions
 H - a potion of haste


   Skills:
 + Level 2.7 Fighting
 + Level 2.7 Short Blades
 + Level 3.3 Dodging
 + Level 7.6 Stealth
 + Level 0.0 Evocations


You had 2 spell levels left.
You didn't know any spells.
Your spell library was empty.

Dungeon Overview and Level Annotations

Branches:
Dungeon (5/15) Zot: 5902
 Temple: D:4-7

Altars:

Annotations:
D:5 3 runed translucent doors, Pokonic1's ghost, amateur DsFi


Innate Abilities, Weirdness & Mutations

You are very small and have problems with some larger weapons.
You are too small for most types of armour.
You have supernaturally acute eyesight. (SInv)
You cover ground extremely quickly. (Speed+++)


Message History

You hear the slow rusting of a very distant drain.
Found 9 gold pieces.
Found a glowing copper wand.
An adder comes into view.
Found 18 gold pieces.
You see here a wand of paralysis (4).
p - a wand of paralysis (4)
The adder hisses angrily.
The iguana hisses angrily.
A hound and a jelly come into view.
The hound barks!
The jelly quivers.
Aiming: Paralyse
Press: ? - help, Shift-Dir - straight line, f - hound
Aim: a hound (chance to affect: 57%)
The hound suddenly stops moving!
The helpless hound fails to defend itself.
You impale the hound!!
You kill the hound!
Your Dodging skill increases to level 3!
You have reached level 2!
You have reached level 3!
Your experience leads to an increase in your attributes!
Increase (S)trength, (I)ntelligence, or (D)exterity?
You feel agile. x2
You hit the jelly.
Your hands burn!
The jelly is moderately wounded.
The jelly completely misses you.
You hit the jelly.
Your hands burn!
The jelly is heavily wounded.
The jelly closely misses you.
You hit the jelly. The acid corrodes you!
Your hands burn!
The jelly is severely wounded.
The jelly jiggles.
The jelly misses you.
You hit the jelly but do no damage.
Your hands burn!
The jelly is severely wounded.
The jelly hits you. The acid corrodes you!
You are splashed with acid!
Ouch! That really hurt!
You die...

#.# #.# #.#
#.# #.# #.#
#.# #.# #.#
#.# #.# #.#
#.# #J# #.#
#@########.#
#..........#
############


You could see a jelly.

Vanquished Creatures
  A hound (D:5)
1 creature vanquished.

Notes
Turn   | Place    | Note
-------+----------+-------------------------------------------
     0 | D:5      | Twinkles the Spriggan Delver began the quest for the Orb.
     0 | D:5      | Reached XP level 1. HP: 11/11 MP: 2/2
    40 | D:5      | Noticed an ice beast
    68 | D:5      | Noticed a centaur
    72 | D:5      | Noticed Pokonic1's ghost (amateur DsFi)
    83 | D:5      | Noticed an orc priest
    84 | D:5      | Found a runed translucent gate.
    84 | D:5      | Found a runed translucent gate.
    85 | D:5      | Found a runed translucent gate.
    86 | D:5      | Noticed an iguana
   149 | D:5      | Noticed a hound
   149 | D:5      | Noticed a jelly
   153 | D:5      | Killed a hound
   154 | D:5      | Reached XP level 2. HP: 16/16 MP: 3/3
   154 | D:5      | Reached XP level 3. HP: 19/19 MP: 4/4
   158 | D:5      | Splashed by a jelly's acid

Illustrated notes

Levels and vault maps discovered:
D:5:      layout_loops_ring, bloody_makhleb, gammafunk_ghost_split,
          portal_sewer_entry_e, guppyfry_early_orc_mine, uniq_edmund

Skill      XL: |  1 |
---------------+----+-----
Dodging        | 3 |  3.3
Fighting       | |  2.7
Short Blades   | |  2.7
Stealth        | |  7.6

Action                     || total
---------------------------++-------
  Melee: Short sword       ||     5
  Evoke: Wand              ||     1
   Stab: Paralysed         ||     1
  Dodge: Dodged            ||     3

Table legend: (Time is in decaauts)
 A = Elapsed time spent in this place.
 B = Non-inter-level travel time spent in this place.
 C = Inter-level travel time spent in this place.
 D = Time resting spent in this place.
 E = Time spent auto-exploring this place.
 F = Levels seen in this place.
 G = Mean time per level.
                   A        B        C        D        E       F      G
               +--------+--------+--------+--------+--------+-----+--------+
         Total |     97 |     93 |      4 |      0 |     30 |   1 |   97.0 |
       Dungeon |     97 |     93 |      4 |      0 |     30 |   1 |   97.0 |
               +--------+--------+--------+--------+--------+-----+--------+

Top non-repeatable levels by time:
     D:5: 97 daAuts
